 Dungeon Crawl Stone Soup version 0.25-a0-482-g9b3b753f3f (webtiles) character file.

Game seed: 13299394414545510987, levelgen mode: deterministic

243465 Kohma the Hoplite (level 19, -3/184 HPs)
             Began as a Minotaur Berserker on Feb 9, 2020.
             Was a High Priest of Trog.
             Slain by a komodo dragon (shapeshifter) (20 damage)
             ... on level 3 of the Abyss on Feb 10, 2020.
             The game lasted 02:11:22 (38739 turns).

Kohma the Hoplite (Minotaur Berserker)             Turns: 38739, Time: 02:11:22

Health: -3/184     AC: 24    Str: 26      XL:     19   Next: 12%
Magic:  20/20      EV: 14    Int:  3 (4)  God:    Trog [*****.]
Gold:   873        SH: 31    Dex: 19 (20) Spells: 18/18 levels left

rFire    + . .     SeeInvis +   a - +9 long sword of the Gloaming {vorpal, Dex+7}
rCold    + . .     Gourm    .   X - +2 large shield
rNeg     . . .     Faith    .   V - +1 plate armour {rC+}
rPois    .         Spirit   .   (helmet restricted)
rElec    .         Reflect  +   T - +2 cloak
rCorr    .         Harm     .   S - +0 pair of fencer's gloves {Riposte Dex+3}
MR       +++..                  G - +0 pair of boots
Stlth    ..........             L - +5 amulet of reflection
HPRegen  0.40/turn              J - ring of the Kangaroo {*Drain MR++ Slay-2 SInv Stlth+} (curse)
MPRegen  0.17/turn              N - ring of protection from fire

@: hasted, drained, slow
A: retaliatory headbutt, horns 2, [clumsy 1], [deterioration 2], [low mp 2],
mutation resistance 1, [weak 1], subdued magic 1
}: 1/15 runes: serpentine
a: Berserk, Trog's Hand, Brothers in Arms, Renounce Religion


You were on level 3 of the Abyss.
You worshipped Trog.
Trog was extremely pleased with you.
You were not hungry.

You visited 6 branches of the dungeon, and saw 32 of its levels.
You visited the Abyss 2 times.
You visited 1 bazaar.
You also visited: Ossuary.

You collected 3674 gold pieces.
You spent 2801 gold pieces at shops.

Inventory:

Hand Weapons
 a - the +9 long sword of the Gloaming (weapon) {vorpal, Dex+7}
   (Trog gifted it to you on level 6 of the Lair of Beasts)

   It inflicts extra damage upon your enemies.
   It affects your dexterity (+7).
 b - a +2 demon blade of flaming
 l - the +9 falchion "Bycsurgh" {vorpal, -Tele rPois Str+3 Int+3}
   (Trog gifted it to you on level 2 of the Shoals)

   It inflicts extra damage upon your enemies.
   It affects your strength (+3).
   It affects your intelligence (+3).
   It protects you from poison.
   It prevents most forms of teleportation.
 A - a +3 quarterstaff
Missiles
 C - 7 curare-tipped darts (quivered)
Armour
 G - a +0 pair of boots (worn)
 S - the +0 pair of fencer's gloves (worn) {Riposte Dex+3}
   (You bought it in a shop on level 2 of the Orcish Mines)

   It affects your dexterity (+3).
   If you remove this armour, your AC will decrease by 2 (24 -> 22).
 T - a +2 cloak (worn)
 V - a +1 plate armour of cold resistance (worn)
 X - a +2 large shield (worn)
Jewellery
 v - an uncursed ring of protection from cold
 x - a +5 ring of intelligence
 J - the cursed ring of the Kangaroo (left hand) {*Drain MR++ Slay-2 SInv Stlth+}
   (You bought it in a shop on level 13 of the Dungeon)

   [ring of slaying]

   It affects your accuracy and damage with ranged weapons and melee attacks
   (-2).
   It affects your resistance to hostile enchantments.
   It lets you see invisible.
   It causes draining when unequipped.
   It makes you more stealthy.
   It has a curse placed upon it.
 L - a +5 amulet of reflection (around neck)
 N - a ring of protection from fire (right hand)
 O - the ring "Ybelyloe" {rF+ rC+ Dex+4, unknown}
   (You found it on level 2 of the Abyss)

   [ring of protection from fire]

   It affects your dexterity (+4).
   It protects you from fire.
   It protects you from cold.
 U - the amulet of Fuxit {Faith +Fly rC- Dex+6, unknown}
   (You found it on level 2 of the Abyss)

   [amulet of faith]

   It allows you to gain divine favour quickly.
   It affects your dexterity (+6).
   It makes you vulnerable to cold.
   It lets you fly.
 W - a cursed -3 ring of protection {unknown}
Wands
 o - a wand of digging (4)
 p - a wand of polymorph (39)
 u - a wand of flame (54)
 y - a wand of paralysis (17)
 z - a wand of scattershot (9)
 D - a wand of acid (34)
Scrolls
 d - 7 scrolls of teleportation
 e - 10 scrolls of magic mapping
 f - 5 scrolls of enchant armour
 g - 7 scrolls of fear
 i - 2 scrolls of summoning
 k - 6 scrolls of blinking
 n - 17 scrolls of remove curse
 r - 2 scrolls of identify
 t - 2 scrolls of fog
 P - a scroll of vulnerability
 Y - 2 scrolls of holy word
 Z - 4 scrolls of enchant weapon
Potions
 h - 5 potions of resistance
 j - 6 potions of haste
 m - 2 potions of mutation
 s - 4 potions of agility
 w - 17 potions of curing
 B - 3 potions of lignification
 F - 8 potions of heal wounds
 H - 4 potions of flight
 K - 4 potions of might
 M - a potion of brilliance
 R - 2 potions of ambrosia
Miscellaneous
 q - a lamp of fire (inert)
 E - 2 sacks of spiders
 I - a phial of floods (inert)
 Q - a box of beasts
Comestibles
 c - 50 rations


   Skills:
 + Level 19.8(18.7) Fighting
 - Level 16.0(14.9) Long Blades
 - Level 15.0(13.9) Armour
 - Level 11.6(10.6) Dodging
 * Level 21.6(20.4) Shields
 + Level 10.1(9.2) Evocations


You had 18 spell levels left.
You didn't know any spells.
Your spell library was empty.

Dungeon Overview and Level Annotations

Branches:
Dungeon (15/15)            Temple (1/1) D:7            Lair (6/6) D:9
 Shoals (4/4) Lair:3        Snake (4/4) Lair:2        Slime (0/5) Lair:5
    Orc (2/2) D:10            Elf (0/3) Orc:2        Vaults (0/5) D:14
 Depths (0/5) D:15        Ossuary (visited)

Altars:
Ashenzari
Cheibriados
Dithmenos
Elyvilon
Fedhas
Gozag
Hepliaklqana
Kikubaaqudgha
Makhleb
Nemelex Xobeh
Okawaru
Qazlal
Ru
Sif Muna
Trog
Uskayaw
Vehumet
Wu Jian
Xom
Yredelemnul
Zin
The Shining One
Beogh

Shops:
D:7 (   D:10 !   D:13 ((?[=   Orc:2 ?[}[%   Snake:2 *

Portals:
Trove: D:15 (give +3 ice dragon scales)

Annotations:
D:6 3 runed translucent doors, Valentain's ghost, novice OpSk
D:15 2 transporters, Neineuma's ghost, journeyman OpWz
Snake:2 1 exclusion
Snake:4 1 exclusion


Innate Abilities, Weirdness & Mutations

You reflexively headbutt those who attack you in melee.
You have a pair of horns on your head.
You are somewhat resistant to further mutation.
Your spells are a little easier to cast, but a little less powerful.
[You are clumsy. (Dex -2)]
[Your body often deteriorates upon taking damage.]
[Your magical capacity is very low. (-20% MP)]
[You are weak. (Str -2)]


Message History

The thrashing horror closely misses you.
You riposte.
Your unstable footing causes you to fumble your attack.
The thrashing horror tramples you but does no damage.
Your unstable footing causes you to fumble your attack.
You block the unseen horror's attack. x3; The wolf spider barely misses you.
You riposte.
You hit the wolf spider but do no damage.
You headbutt the wolf spider, but do no damage.
The wolf spider barely misses you. You block the orange demon's attack.
The great orb of eyes bites you!
* * * LOW HITPOINT WARNING * * *
You hit the komodo dragon.
The komodo dragon is severely wounded.
You block the unseen horror's attack. x2
You block the thrashing horror's attack.
The thrashing horror barely misses you. The crystal guardian hits you!
* * * LOW HITPOINT WARNING * * *
The komodo dragon bites you!!
You die...

.##(φ(/$## .
#?/[*(([ .#(((φ[))
#.. ..#(?[?x[ ...
.....##)Xxxx##
.....#.###X*X###
..#. .. #.#xxx#.#
#.#.#.. #.≈xX@G.# #
.#.# . ##.≈Gs8l.##
.
#.#..#.##...4S8d..#
## #.#
#.##.......## .##
... #.........# ..
..#. ..#.......#..#
...#
....#.#.#.#.#.#.#
.# . ##
..##.#####..#.# #.
. # #. ....# ..# [


You could see a purple draconian, a great orb of eyes, 2 crystal guardians, a
wolf spider shaped shifter, an orange demon, 4 thrashing horrors, a mana viper
shaped shifter, a komodo dragon shaped shifter, an eye of draining shaped
shifter, 8 unseen horrors and 2 lurking horrors.

Vanquished Creatures
  Saint Roka (Snake:2)
  A profane servitor (Abyss:3)
  Jorgrun (Snake:2)
  Rupert (D:14)
  An Executioner (Abyss:2)
  A tentacled starspawn (Abyss:2)
  Kirke (Snake:1)
  Donald (Snake:2)
  Ilsuiw (Shoals:2)
  8 nagarajas
  2 deep elf sorcerers (D:12)
  An orc warlord (Orc:2)
  Aizul (Snake:2)
  Louise (Snake:4)
  An ettin (Abyss:3)
  3 merfolk impalers
  A fire dragon (Lair:6)
  A yaktaur captain (D:15)
  A merfolk javelineer (Shoals:2)
  2 ogre magi (Orc:2)
  10 naga warriors
  Harold (D:8)
  8 hydras
  Erica (D:12)
  25 anacondas
  2 dancing weapons (D:14)
  2 merfolk aquamancers (Shoals:3)
  8 death yaks
  12 two-headed ogres
  6 centaur warriors
  An orc high priest (Orc:1)
  2 vampire magi (D:12)
  2 thrashing horrors (Abyss:3)
  Nergalle (Orc:1)
  A deep elf knight (D:12)
  9 shock serpents
  12 naga sharpshooters
  4 skeletal warriors
  A sixfirhy (Abyss:3)
  2 deep trolls (Orc:2)
  3 unseen horrors
  A wizard (D:12)
  10 sea snakes
  A deep troll (shapeshifter) (D:14)
  A death drake (Abyss:3)
  A lindwurm (Lair:6)
  4 orc knights
  A swamp dragon (Lair:6)
  10 naga ritualists
  A phantasmal warrior (D:14)
  19 harpies
  2 ugly things
  8 deep elf magi
  8 mana vipers
  3 orc sorcerers
  A wolf spider (Lair:6)
  A salamander (shapeshifter) (D:14)
  5 salamanders
  9 manticores
  6 cyclopes
  6 fauns
  3 elephants (Lair:4)
  22 naga magi
  A rust devil (Abyss:3)
  Maurice (D:12)
  39 black mambas
  Joseph (D:12)
  An apocalypse crab (Abyss:3)
  15 guardian serpents
  3 gargoyles
  8 merfolk sirens
  2 water nymphs (Shoals:3)
  A torpor snail (Lair:3)
  2 smoke demons
  4 centaur skeletons
  5 kobold demonologists (D:15)
  An efreet (D:15)
  23 spiny frogs
  5 rime drakes
  A hellion (Abyss:3)
  A tormentor (Abyss:2)
  8 komodo dragons
  A yaktaur (D:15)
  4 freezing wraiths
  A hellwing (Abyss:3)
  A tengu conjurer (D:12)
  2 ancient zymes
  16 merfolk
  3 wind drakes
  A polar bear (Lair:3)
  17 blink frogs
  A harpy skeleton (D:15)
  3 hornets
  16 hippogriffs
  7 raiju (Abyss:3)
  16 trolls
  15 dream sheep
  8 snapping turtles
  13 slime creatures
  Sigmund (D:5)
  A vampire (D:13)
  A flying skull (Abyss:3)
  A spriggan (Lair:5)
  4 redbacks
  4 large abominations (Abyss:3)
  7 wyverns
  9 water elementals
  49 yaks
  A shadow (Abyss:2)
  A hog (Snake:1)
  7 wraiths
  A steam dragon (Lair:6)
  3 hungry ghosts
  A golden eye (Abyss:2)
  14 basilisks
  8 vampire mosquitoes
  4 wargs
  39 nagas
  4 acid dragons
  23 water moccasins
  A swamp drake (Lair:6)
  8 porcupines
  An eye of draining (shapeshifter) (D:15)
  4 sky beasts
  3 phantoms
  3 black bears
  3 ice beasts
  23 orc warriors
  31 ogres
  2 necrophages (D:11)
  An eye of draining (D:10)
  5 wolves (Lair:3)
  7 centaurs
  12 crocodiles
  A big kobold (D:9)
  3 elf zombies (Ossuary)
  17 bullfrogs
  A gnoll sergeant (D:8)
  2 wyvern skeletons
  4 scorpions
  2 electric eels (Snake:2)
  4 wights
  5 howler monkeys
  8 crimson imps
  4 quasits
  A starcursed mass (D:12)
  A bullfrog zombie (D:12)
  10 centaur zombies
  A wyvern simulacrum (D:14)
  9 hounds
  2 bullfrog skeletons
  16 orc priests
  A human zombie (Ossuary)
  12 jellies
  An iron imp (D:7)
  4 small abominations (Abyss:2)
  9 iguanas
  20 orc wizards
  10 worker ants
  A big kobold zombie (Ossuary)
  A hound skeleton (D:8)
  A hound zombie (D:10)
  2 mummies (Ossuary)
  4 gnolls (D:8)
  A howler monkey skeleton (D:9)
  13 adders
  3 shadow imps
  2 ufetubi (Abyss:2)
  11 oozes
  An adder zombie (Ossuary)
  An adder skeleton (D:4)
  2 worms
  2 dart slugs (D:1)
  4 leopard geckos
  96 orcs
  4 giant cockroaches
  5 goblins
  6 hobgoblins
  10 jackals
  4 quokkas
  7 ball pythons
  8 bats
  A frilled lizard (D:1)
  2 goblin zombies (Ossuary)
  8 hobgoblin zombies (Ossuary)
  A jackal skeleton (D:6)
  A jackal zombie (Ossuary)
  18 kobolds
  12 kobold zombies (Ossuary)
  A leopard gecko zombie (D:5)
  5 orc zombies (Ossuary)
  A quokka skeleton (D:9)
  11 rats
  A rat zombie (Ossuary)
  8 plants
  A starspawn tentacle (Abyss:2)
1209 creatures vanquished.

Vanquished Creatures (collateral kills)
  Roxanne (Snake:2)
  A death knight (D:13)
  3 deep elf magi (D:12)
  A worldbinder (D:12)
  An orc wizard (D:12)
7 creatures vanquished.

Vanquished Creatures (others)
  A rakshasa (D:14)
  An anaconda (Snake:3)
  3 centaur warriors
  A death yak (Lair:5)
  A satyr (Shoals:2)
  A naga sharpshooter (Snake:2)
  3 cyclopes
  A manticore (Shoals:1)
  3 fauns
  A naga mage (Snake:3)
  A merfolk (Shoals:1)
  2 nagas (Snake:4)
  A centaur (D:15)
  A jelly (D:13)
  A kobold (D:15)
  12 fungi
  A lurking horror (Abyss:2)
  9 plants
  3 starspawn tentacles
47 creatures vanquished.

Grand Total: 1263 creatures vanquished

Notes
Turn   | Place    | Note
-------+----------+-------------------------------------------
     0 | D:1      | Kohma the Minotaur Berserker began the quest for the Orb.
     0 | D:1      | Reached XP level 1. HP: 19/19 MP: 0/0
    37 | D:1      | Reached XP level 2. HP: 10/27 MP: 1/1
   250 | D:1      | Found a sparkling altar of Nemelex Xobeh.
   441 | D:1      | Reached XP level 3. HP: 29/33 MP: 2/2
   736 | D:2      | Reached ** piety under Trog
   994 | D:2      | Reached skill level 5 in Long Blades
   994 | D:2      | Reached XP level 4. HP: 41/41 MP: 3/3
  1850 | D:3      | Reached XP level 5. HP: 29/47 MP: 4/4
  2458 | D:4      | Noticed a phantom
  2487 | D:4      | Killed a phantom
  2487 | D:4      | Reached skill level 5 in Fighting
  2487 | D:4      | Reached XP level 6. HP: 22/56 MP: 5/5
  3095 | D:5      | Entered Level 5 of the Dungeon
  3364 | D:5      | Reached *** piety under Trog
  3364 | D:5      | Reached XP level 7. HP: 50/62 MP: 6/6
  3418 | D:5      | Reached skill level 5 in Armour
  3490 | D:5      | Noticed Sigmund
  3513 | D:5      | Killed Sigmund
  3840 | D:6      | Found a sand-covered staircase.
  3852 | Ossuary  | Entered an ossuary
  3989 | Ossuary  | Reached skill level 1 in Shields
  4028 | Ossuary  | Reached skill level 2 in Shields
  4028 | Ossuary  | Reached XP level 8. HP: 48/71 MP: 7/7
  4353 | D:6      | Reached **** piety under Trog
  4419 | D:6      | Reached skill level 3 in Shields
  4614 | D:6      | Reached skill level 4 in Shields
  4852 | D:6      | Found an opulent altar of Gozag.
  4853 | D:6      | Found a runed translucent gate.
  4853 | D:6      | Found a runed translucent gate.
  4853 | D:6      | Found a runed translucent gate.
  4853 | D:6      | Noticed Valentain's ghost (novice OpSk)
  5119 | D:6      | Reached skill level 10 in Long Blades
  5262 | D:6      | Reached XP level 9. HP: 70/79 MP: 8/8
  5470 | D:7      | Found a staircase to the Ecumenical Temple.
  5479 | Temple   | Entered the Ecumenical Temple
  5692 | D:7      | Found Varra Nug's Antique Weapon Boutique.
  5697 | D:7      | Bought a runed great sword for 275 gold pieces
  5796 | D:7      | Found a snail-covered altar of Cheibriados.
  6877 | D:8      | Noticed Harold
  6894 | D:8      | Killed Harold
  6894 | D:8      | Reached XP level 10. HP: 89/91 MP: 9/9
  6897 | D:8      | Reached ***** piety under Trog
  6897 | D:8      | Received a gift from Trog
  7734 | D:9      | Found a staircase to the Lair.
  8374 | Lair:1   | Entered Level 1 of the Lair of Beasts
  8405 | D:10     | Entered Level 10 of the Dungeon
  8447 | D:10     | Reached skill level 10 in Fighting
  8470 | D:10     | Received a gift from Trog
  8670 | D:10     | Found a shadowy altar of Dithmenos.
  8701 | D:10     | Found Caeprelyu's Distillery.
  8727 | D:10     | Bought a potion of heal wounds for 75 gold pieces
  8727 | D:10     | Bought a potion of curing for 45 gold pieces
  8727 | D:10     | Bought a potion of curing for 45 gold pieces
  8727 | D:10     | Bought a potion of curing for 45 gold pieces
  8727 | D:10     | Bought a potion of degeneration for 15 gold pieces
  8858 | D:10     | Reached skill level 10 in Armour
  8870 | D:10     | Found a staircase to the Orcish Mines.
  8951 | D:10     | Reached XP level 11. HP: 101/101 MP: 10/10
  9055 | D:10     | Noticed an unseen horror
  9058 | D:10     | Noticed a two-headed ogre
  9061 | D:10     | Killed an unseen horror
  9066 | D:10     | Killed a two-headed ogre
  9489 | D:11     | Reached skill level 5 in Shields
  9647 | D:11     | Noticed a two-headed ogre
  9655 | D:11     | Killed a two-headed ogre
  9788 | D:11     | Received a gift from Trog
  9813 | D:11     | Reached skill level 5 in Dodging
 10287 | D:11     | Reached skill level 6 in Shields
 11113 | Lair:1   | Noticed a six-headed hydra
 11128 | Lair:1   | Killed a ten-headed hydra
 11128 | Lair:1   | Reached skill level 7 in Shields
 11463 | Lair:1   | Reached skill level 15 in Long Blades
 11480 | Lair:1   | Reached XP level 12. HP: 108/108 MP: 11/11
 11905 | Lair:2   | Found an ancient bone altar of Kikubaaqudgha.
 11945 | Lair:2   | Found a staircase to the Snake Pit.
 12042 | Lair:2   | Received a gift from Trog
 12050 | Lair:2   | Reached skill level 8 in Shields
 12804 | Lair:3   | Found a staircase to the Shoals.
 12825 | Lair:3   | Reached skill level 9 in Shields
 12949 | Lair:3   | Reached skill level 10 in Shields
 13114 | Lair:3   | Noticed a death yak
 13115 | Lair:3   | Noticed a death yak
 13116 | Lair:3   | Noticed a death yak
 13116 | Lair:3   | Noticed a death yak
 13117 | Lair:3   | Noticed a death yak
 13117 | Lair:3   | Noticed a death yak
 13135 | Lair:3   | Killed a death yak
 13135 | Lair:3   | Reached skill level 11 in Shields
 13147 | Lair:3   | Killed a death yak
 13152 | Lair:3   | Killed a death yak
 13156 | Lair:3   | Reached skill level 12 in Shields
 13160 | Lair:3   | Killed a death yak
 13163 | Lair:3   | Killed a death yak
 13169 | Lair:3   | Killed a death yak
 13558 | Lair:3   | Reached XP level 13. HP: 98/115 MP: 12/12
 13563 | Lair:3   | Reached skill level 13 in Shields
 14402 | Lair:4   | Received a gift from Trog
 14634 | Lair:4   | Reached skill level 14 in Shields
 15830 | Lair:5   | Found a staircase to the Slime Pits.
 15847 | Lair:5   | Reached skill level 15 in Shields
 16283 | Lair:6   | Entered Level 6 of the Lair of Beasts
 16309 | Lair:6   | Got a tiger eye-encrusted ring mail
 16320 | Lair:6   | Identified the +2 ring mail of Inquiry {rPois Str-4 Dex+8}
                  | (You found it on level 6 of the Lair of Beasts)
 16427 | Lair:6   | Received a gift from Trog
 16430 | Lair:6   | Reached skill level 1 in Evocations
 16431 | Lair:6   | Got an ancient long sword {god gift}
 16433 | Lair:6   | Identified the +9 long sword of the Gloaming {vorpal,
                  | Dex+7} (Trog gifted it to you on level 6 of the Lair of
                  | Beasts)
 17047 | Lair:6   | Reached XP level 14. HP: 102/129 MP: 14/14
 18274 | Lair:6   | Received a gift from Trog
 18862 | Orc:1    | Entered Level 1 of the Orcish Mines
 19101 | Orc:1    | Noticed Nergalle
 19117 | Orc:1    | Killed Nergalle
 19201 | Orc:1    | Found a roughly hewn altar of Beogh.
 19469 | Orc:2    | Entered Level 2 of the Orcish Mines
 19470 | Orc:2    | Found a staircase to the Elven Halls.
 19517 | Orc:2    | Found a radiant altar of Vehumet.
 19552 | Orc:2    | Received a gift from Trog
 19597 | Orc:2    | Reached skill level 5 in Evocations
 20013 | Orc:2    | Found Mellon's Food Boutique.
 20142 | Orc:2    | Noticed an orc warlord
 20311 | Orc:2    | Killed an orc warlord
 20402 | Orc:2    | Reached XP level 15. HP: 107/139 MP: 18/18
 20563 | Orc:2    | Found Muin's Gadget Shop.
 20568 | Orc:2    | Found Xiw Nuy's Armour Shop.
 20570 | Orc:2    | Found Afyna's Antique Armour Shoppe.
 20582 | Orc:2    | Found Qaasiu's Magic Scroll Boutique.
 20880 | Orc:2    | Bought a pair of glowing gloves for 240 gold pieces
 20880 | Orc:2    | Bought the +0 pair of fencer's gloves {Riposte Dex+3} for
                  | 1280 gold pieces
 20880 | Orc:2    | Found the +0 pair of fencer's gloves {Riposte Dex+3}
 20880 | Orc:2    | Bought a glowing cloak for 240 gold pieces
 21137 | Snake:1  | Entered Level 1 of the Snake Pit
 21449 | Snake:1  | Noticed Kirke
 21462 | Snake:1  | Killed Kirke
 21542 | Snake:1  | Received a gift from Trog
 21749 | Snake:1  | Reached skill level 15 in Fighting
 22420 | Snake:2  | Found Lecziel's General Store.
 22425 | Snake:2  | Noticed Roxanne
 22466 | Snake:2  | Killed Roxanne
 22591 | Snake:2  | Noticed Saint Roka
 22622 | Snake:2  | Killed Saint Roka
 22922 | Snake:2  | Noticed Jorgrun
 22940 | Snake:2  | Killed Jorgrun
 22940 | Snake:2  | Reached skill level 10 in Dodging
 23099 | Snake:2  | Noticed Donald
 23112 | Snake:2  | Killed Donald
 23270 | Snake:2  | Noticed Aizul
 23279 | Snake:2  | Killed Aizul
 23489 | Snake:2  | Found a runed translucent gate.
 23491 | Snake:2  | Found a runed translucent gate.
 23491 | Snake:2  | Found a runed translucent gate.
 24344 | Snake:3  | Reached XP level 16. HP: 128/151 MP: 20/20
 24833 | Snake:3  | Received a gift from Trog
 25658 | Snake:4  | Entered Level 4 of the Snake Pit
 25807 | Snake:4  | Noticed Louise
 25851 | Snake:4  | Killed Louise
 25851 | Snake:4  | Reached skill level 15 in Armour
 26630 | Snake:4  | Reached skill level 16 in Shields
 26882 | Snake:4  | Received a gift from Trog
 27020 | Snake:4  | Reached XP level 17. HP: 136/161 MP: 22/22
 27087 | Snake:4  | Reached skill level 17 in Shields
 27721 | Snake:4  | Got a serpentine rune of Zot
 28313 | D:12     | Noticed Erica
 28313 | D:12     | Noticed Joseph
 28335 | D:12     | Killed Erica
 28338 | D:12     | Killed Joseph
 28705 | D:12     | Noticed Maurice
 28719 | D:12     | Killed Maurice
 28867 | D:12     | Received a gift from Trog
 28880 | D:12     | Reached skill level 18 in Shields
 29202 | D:12     | Cast into level 3 of the Abyss (a deep elf sorcerer)
 29456 | Abyss:3  | Noticed a profane servitor
 29485 | Abyss:3  | Killed a profane servitor
 29512 | Abyss:3  | Gained mutation: [You are weak. (Str -2)] [a neqoxec]
 29516 | Abyss:3  | Gained mutation: You are somewhat resistant to further
                  | mutation. [a neqoxec]
 29517 | Abyss:3  | Gained mutation: You are frail. (-10% HP) [a neqoxec]
 29579 | D:12     | Escaped the Abyss
 29594 | D:12     | Found a shimmering blue altar of Sif Muna.
 29611 | D:12     | Lost mutation: [You are weak. (Str -2)] [potion of
                  | mutation]
 29611 | D:12     | Lost mutation: You are frail. (-10% HP) [potion of
                  | mutation]
 30269 | D:13     | Found Zonturoo's Weapon Shop.
 30297 | D:13     | Reached skill level 19 in Shields
 30377 | D:13     | Received a gift from Trog
 30409 | D:13     | Found Veror's Antique Weapon Emporium.
 30411 | D:13     | Found Itsas's Magic Scroll Shop.
 30532 | D:13     | Found Citesywn's Antique Armour Shoppe.
 30575 | D:13     | Found Ruuwnaom's Jewellery Shop.
 30600 | D:13     | Bought the cursed ring of the Kangaroo {*Drain MR++ Slay-2
                  | SInv Stlth+} for 226 gold pieces
 31329 | D:13     | Reached XP level 18. HP: 97/173 MP: 23/23
 31963 | D:14     | Noticed Rupert
 31992 | D:14     | Killed Rupert
 31992 | D:14     | Reached skill level 20 in Shields
 32214 | D:14     | Found a gate to the Vaults.
 32624 | D:15     | Entered Level 15 of the Dungeon
 32657 | D:13     | Bought a scroll of enchant weapon for 105 gold pieces
 32768 | Orc:2    | Bought a scroll of enchant weapon for 120 gold pieces
 32971 | Snake:2  | Bought a scroll of enchant weapon for 90 gold pieces
 33343 | D:15     | Received a gift from Trog
 33384 | D:15     | Found a staircase to the Depths.
 33477 | D:15     | Noticed Neineuma's ghost (journeyman OpWz)
 33480 | D:15     | Found a bloodstained altar of Trog.
 33491 | D:15     | Identified the +10 broad axe "Kogeati" {antimagic, rN+}
 33575 | D:15     | Found a transporter.
 33583 | D:15     | Found a transporter.
 33812 | D:15     | Found a portal to a secret trove of treasure.
 34180 | Lair:3   | Upgraded the game from 0.25-a0-479-g8579842fd4 to
                  | 0.25-a0-482-g9b3b753f3f
 34185 | Shoals:1 | Entered Level 1 of the Shoals
 35279 | Shoals:2 | Received a gift from Trog
 35280 | Shoals:2 | Got a dazzling falchion {god gift}
 35390 | Shoals:1 | Identified the +9 falchion "Bycsurgh" {vorpal, -Tele rPois
                  | Str+3 Int+3} (Trog gifted it to you on level 2 of the
                  | Shoals)
 35522 | Shoals:2 | Reached skill level 21 in Shields
 35738 | Shoals:2 | Noticed Ilsuiw
 36156 | Shoals:2 | Killed Ilsuiw
 36706 | Shoals:3 | Got a dazzling whip
 36718 | Shoals:3 | Identified the +6 whip of Cruel Justice {vorpal, rN+ MP+9
                  | Dex+2} (You found it on level 3 of the Shoals)
 37903 | Shoals:4 | Entered Level 4 of the Shoals
 37907 | Shoals:4 | Reached XP level 19. HP: 182/184 MP: 25/25
 37920 | Shoals:4 | Reached skill level 10 in Evocations
 37924 | Shoals:4 | Found a flickering gateway to a bazaar.
 37949 | Bazaar   | Entered a bazaar
 37976 | Bazaar   | Found Maushra's Jewellery Shoppe.
 38010 | Bazaar   | Found Oshoy's Jewellery Shoppe.
 38063 | Shoals:4 | Cast into level 2 of the Abyss (merfolk impaler)
 38255 | Abyss:2  | Received a gift from Trog
 38350 | Abyss:2  | Got a wavering crystal amulet
 38370 | Abyss:2  | Gained mutation: Your spells are a little easier to cast,
                  | but a little less powerful. [a neqoxec]
 38389 | Abyss:2  | Found a corrupted altar of Lugonu.
 38530 | Abyss:2  | Got a coiled steel ring
 38739 | Abyss:3  | Slain by a komodo dragon (shapeshifter)

Levels and vault maps discovered:
D:1:      minmay_arrival_diagonal_passages, layout_rooms,
          nemelex_diamond_rough_becter
D:2:      layout_loops_ring, serial_glass, glass_columns_a, glass_columns_c
D:3:      layout_rooms, first_ration
D:4:      layout_rooms
D:5:      layout_rooms, uniq_sigmund
D:6:      layout_loops_ring, serial_aquarium, aquarium_bridge_long_joined
          [aquarium_subvault_window, aquarium_subvault_bridge,
          aquarium_subvault_window, aquarium_subvault_bridge,
          aquarium_subvault_bridge, aquarium_subvault_window],
          aquarium_window_fake, aquarium_window_1, aquarium_window_1,
          aquarium_window_fake, aquarium_view_2d, aquarium_pool_1,
          nicolae_ossuary_entry_monument, ebering_ghost_gozag
D:7:      layout_cave_pods, slow_altar_1, minmay_temple_entry_mini_moons,
          serial_shops, kennysheep_little_box
D:8:      layout_basic, uniq_harold
D:9:      layout_irregular_city, david_lair_generic
D:10:     layout_basic, hiddenorc2_lemuel, basic_altar, serial_shops, shop_coins
D:11:     layout_irregular_city, minmay_unpleasant_kobolds
D:12:     evilmike_library_of_no_secrets, layout_cave_pools,
          hangedman_little_slice_of_home, sword_in_stone, uniq_maurice
D:13:     layout_rooms, serial_shops, nicolae_shop_trees, shop, shop, shop, shop
D:14:     minmay_the_grid_square_5x5_4x4 [minmay_the_grid_square_5x5_trominoes,
          minmay_the_grid_square_5x5_detours,
          minmay_the_grid_square_5x5_three_walls,
          minmay_the_grid_square_5x5_three,
          minmay_the_grid_square_5x5_doubleslash,
          minmay_the_grid_square_5x5_prize_pseudospiral,
          minmay_the_grid_square_5x5_prize_snowflake,
          minmay_the_grid_square_5x5_v,
          minmay_the_grid_square_5x5_sharp_hourglass,
          minmay_the_grid_square_5x5_prize_deathbox,
          minmay_the_grid_square_5x5_prize_itemx,
          minmay_the_grid_square_5x5_two_small,
          minmay_the_grid_square_5x5_seven, minmay_the_grid_square_5x5_one_wall,
          minmay_the_grid_square_5x5_three_small,
          minmay_the_grid_square_5x5_n_small], layout_small_grid, erik_vaults_1,
          minmay_staircase_bubble, kennysheep_decorative_pillar, uniq_rupert
D:15:     grunt_enter_depths_snipers, layout_basic, nicolae_trove_entry_columns,
          nrook_mini_vaults, gammafunk_ghost_wrathful_warriors
Temple:   dpeg_three_leaves_temple
Lair:1:   layout_roguey, infiniplex_staircase_pool
Lair:2:   layout_chaotic_city, dummy_snake_entry, basic_altar,
          beast_lair_carwin_11
Lair:3:   layout_hall_layers, minmay_shoals_entry_lonely_mermaid,
          serial_bayou_shore_b, serial_bayou_shore_b
Lair:4:   layout_concentric_octagons, grunt_megastairs_3, lemuel_fruit_fields,
          lemuel_fruit_fields
Lair:5:   layout_hall_layers, nicolae_slime_entry_slimehenge,
          serial_bayou_lagoon_a, wad_woods_03, grunt_megastairs_1
Lair:6:   guppyfry_lair_end_dragon, layout_concentric_octagons,
          hangedman_lair_tendril_chambers, kennysheep_basilisk_garden
Shoals:1: layout_shoals
Shoals:2: layout_shoals, uniq_ilsuiw
Shoals:3: layout_shoals
Shoals:4: shoals_end_simple, layout_shoals, serial_shops, bzr_entry_gold
Snake:1:  layout_chambers, uniq_kirke
Snake:2:  layout_chambers, serial_shops, nicolae_shop_behind_doors, drop_trap,
          serial_bayou_ford_a, nicolae_snake_horde_hoard, uniq_saint_roka,
          uniq_donald, uniq_roxanne, uniq_aizul, uniq_jorgrun
Snake:3:  layout_gridlike, drop_trap, grunt_megastairs_4
Snake:4:  grunt_snake_rune_serpentine_throne, layout_misc_corridors, drop_trap,
          uniq_louise
Orc:1:    layout_diamond_mine, basic_altar, uniq_nergalle
Orc:2:    st_orc_open, layout_caves, basic_altar, serial_shops,
          nicolae_shop_statue_plus, minmay_orc_barracks
Abyss:3:  base: Snake:4, guppyfry_abyss_exit_imp_island, bh_silent_lugonu_exit,
          hangedman_abyss_or_decor_lesser_grid, evilmike_abyss_rune_ettins,
          evilmike_abyss_rune_ettins, hangedman_elemental_corridor,
          nicolae_abyss_rune_left_handed, base: Lair:3,
          evilmike_abyss_exit_smiterflies,
          dshaligram_kb_abyss_rune_zappy_water_cross,
          guppyfry_abyss_exit_glass_guarded, nicolae_abyss_rune_star_stuff,
          hangedman_grunt_abyss_rune_horror_hoard

Skill      XL: |  1  2  3  4  5  6  7  8  9 10 11 12 13 14 15 16 17 18 19 |
---------------+----------------------------------------------------------+-----
Long Blades    | 4 5 6 7 8 10 12 13 15 16 | 16.0
Fighting       | 4 5 6 7 9 10 13 14 15 17 18 19 | 19.8
Armour         | 3 4 5 7 8 10 11 13 14 15 | 15.0
Shields        | 2 4 7 12 15 16 19 21 | 21.6
Dodging        | 3 5 6 8 10 11 | 11.6
Evocations     | 2 5 7 9 10 | 10.1

Action                   |  1- 3 |  4- 6 |  7- 9 | 10-12 | 13-15 | 16-18 | 19-21 || total
-------------------------+-------+-------+-------+-------+-------+-------+-------++-------
Melee: Falchion          |    63 |   123 |   311 |       |       |       |       ||   497
       Headbutt          |    14 |    17 |    91 |   144 |   359 |   664 |    43 ||  1332
       Great sword       |       |       |    63 |     5 |       |       |       ||    68
       Scimitar          |       |       |       |   128 |       |       |       ||   128
       Demon blade       |       |       |       |   158 |    21 |    26 |       ||   205
       Double sword      |       |       |       |   315 |   235 |       |       ||   550
       Long sword        |       |       |       |       |   847 |  1629 |    98 ||  2574
Throw: Dart              |       |       |       |       |     3 |     8 |       ||    11
Invok: Trog's Hand       |       |       |     2 |     3 |    14 |    23 |       ||    42
       Berserk           |       |       |     1 |     2 |     8 |     8 |       ||    19
       Brothers in Arms  |       |       |       |       |     1 |     2 |       ||     3
Evoke: Sack of spiders   |       |       |       |       |     8 |     2 |       ||    10
       Lamp of fire      |       |       |       |       |     1 |     2 |     1 ||     4
       Wand              |       |       |       |       |       |     1 |       ||     1
       Phial of floods   |       |       |       |       |       |       |     1 ||     1
  Use: Scroll            |       |    14 |     4 |     8 |     5 |    12 |     2 ||    45
       Potion            |       |       |       |       |       |     2 |     3 ||     5
 Stab: Sleeping          |       |       |       |       |     3 |     1 |       ||     4
  Eat: Chunk             |       |     7 |    13 |    20 |    32 |    33 |       ||   105
       Ration            |       |       |     1 |     1 |     5 |     9 |       ||    16
Armor: Animal skin       |     7 |       |       |       |       |       |       ||     7
       Leather armour    |     6 |       |       |       |       |       |       ||     6
       Ring mail         |     4 |    38 |       |       |    20 |    47 |       ||   109
       Chain mail        |       |       |   184 |   153 |       |       |       ||   337
       Plate armour      |       |       |       |    99 |   179 |   235 |    39 ||   552
Dodge: Dodged            |    46 |    68 |   126 |   161 |   288 |   521 |    64 ||  1274
Block: Buckler           |       |       |    26 |    21 |       |       |       ||    47
       Shield            |       |       |       |   257 |   850 |   142 |       ||  1249
       Reflection        |       |       |       |       |    21 |   212 |     7 ||   240
       Large shield      |       |       |       |       |       |  2203 |   242 ||  2445
       Rpst.: Falchion   |    13 |    20 |    19 |       |       |       |       ||    52
       Great sword       |       |       |    17 |       |       |       |       ||    17
       Scimitar          |       |       |       |    17 |       |       |       ||    17
       Double sword      |       |       |       |    11 |    10 |       |       ||    21
       Demon blade       |       |       |       |     4 |     1 |     1 |       ||     6
       Long sword        |       |       |       |       |    80 |   174 |    19 ||   273

Table legend:
 A = Non-vault XP
 B = Vault XP
 C = Vault XP percentage of total XP
 D = Non-vault monster count
 E = Vault monster count
 F = Vault count percentage of total count
                 A         B        C        D         E       F
            +---------+---------+-------+---------+---------+-------
      Total |  236213 |  152450 |  39.2 |     824 |     401 |  32.7
            +---------+---------+-------+---------+---------+-------
        D:1 |      51 |       0 |   0.0 |      24 |       0 |   0.0
        D:2 |     107 |       0 |   0.0 |      16 |       0 |   0.0
        D:3 |      46 |       0 |   0.0 |      17 |       0 |   0.0
        D:4 |     427 |       0 |   0.0 |      17 |       0 |   0.0
        D:5 |     370 |     238 |  39.1 |       7 |       1 |  12.5
        D:6 |    1165 |       0 |   0.0 |      32 |       0 |   0.0
        D:7 |     880 |      39 |   4.2 |      12 |       1 |   7.7
        D:8 |    1154 |     992 |  46.2 |      23 |       1 |   4.2
        D:9 |    1208 |     759 |  38.6 |      31 |       4 |  11.4
       D:10 |    4767 |     445 |   8.5 |      24 |      32 |  57.1
       D:11 |    3699 |       9 |   0.2 |      23 |       6 |  20.7
       D:12 |    4913 |   15933 |  76.4 |      23 |      34 |  59.6
       D:13 |   12846 |    1951 |  13.2 |      38 |       3 |   7.3
       D:14 |   11395 |   15726 |  58.0 |      35 |      25 |  41.7
       D:15 |    9625 |    2313 |  19.4 |      35 |       3 |   7.9
     Lair:1 |    6173 |       0 |   0.0 |      26 |       0 |   0.0
     Lair:2 |    2922 |    1075 |  26.9 |       9 |       6 |  40.0
     Lair:3 |   12992 |     427 |   3.2 |      42 |       1 |   2.3
     Lair:4 |    6931 |     941 |  12.0 |      23 |       4 |  14.8
     Lair:5 |    5094 |    3139 |  38.1 |      14 |      16 |  53.3
     Lair:6 |    6496 |   14597 |  69.2 |      20 |      55 |  73.3
   Shoals:1 |   18761 |       0 |   0.0 |      40 |       0 |   0.0
   Shoals:2 |   13834 |    5508 |  28.5 |      30 |       6 |  16.7
   Shoals:3 |   11604 |       0 |   0.0 |      25 |       0 |   0.0
   Shoals:4 |    2751 |     293 |   9.6 |       5 |       1 |  16.7
    Snake:1 |    9539 |    2317 |  19.5 |      15 |       2 |  11.8
    Snake:2 |    7352 |   18793 |  71.9 |      15 |      37 |  71.2
    Snake:3 |   28904 |    1773 |   5.8 |      50 |       2 |   3.8
    Snake:4 |   20883 |   45116 |  68.4 |      42 |      66 |  61.1
      Orc:1 |    5454 |    1350 |  19.8 |      39 |       4 |   9.3
      Orc:2 |    2324 |   17034 |  88.0 |      25 |      51 |  67.1
    Abyss:2 |    7007 |       0 |   0.0 |      15 |       0 |   0.0
    Abyss:3 |   14539 |    1165 |   7.4 |      32 |       1 |   3.0
    Ossuary |       0 |     517 | 100.0 |       0 |      39 | 100.0
            +---------+---------+-------+---------+---------+-------
